AoeStats
← Kurt_Loves_AoE2

Four Lakes

507932371Analyzed
1v1 RM · 13d ago on Sep 20, 2026· 81m 39s· 2 players
Game mode
Random Map
Map size
Tiny (2 player)
Population
200
Speed
Normal
Resources
Standard
Victory
Conquest
Starting age
Dark Age
Ending age
Imperial Age
RankedLock teamsTeams togetherTeam positionsShared explorationLock speedFull tech treeHidden civsTurbo modeCheats
Victory
Defeat
🇷🇺 Huns · Russia
380
+19
🇺🇸 Tatars · United States
449
-19
кирюшка
11:37 Feudal Age
13:15 Wheelbarrow
12:28 Double-Bit Axe
12:27 Horse Collar
15:31 Stone Mining
15:31 Gold Mining
19:43 Scale Barding Armor
19:42 Scale Mail Armor
23:04 Castle Age
20:45 Man-at-Arms
21:42 Bloodlines
24:23 Hand Cart
25:17 Light Cavalry
26:26 Husbandry
28:52 Chain Barding Armor
37:37 Long Swordsman
38:18 Squires
38:05 Arson
41:53 Gold Shaft Mining
46:41 Imperial Age
44:51 Chain Mail Armor
47:33 Elite Tarkan
48:26 Marauders
52:38 Two-Handed Swordsman
54:53 Padded Archer Armor
54:43 Fletching
55:04 Forging
Kurt_Loves_AoE2
2:12 Loom
11:29 Feudal Age
13:32 Wheelbarrow
12:46 Double-Bit Axe
15:32 Horse Collar
22:50 Fishing Lines
24:07 Scale Barding Armor
23:54 Fletching
26:16 Castle Age
25:58 Scale Mail Armor
25:59 Padded Archer Armor
27:03 Gillnets
27:41 Medium Warships
28:00 Bodkin Arrow
28:27 Chain Barding Armor
28:18 Forging
30:23 Leather Archer Armor
33:53 Forging
35:23 Hand Cart
36:54 Pikeman
37:41 Squires
38:25 Arson
39:58 Arson
41:07 Iron Casting
39:56 Elite Skirmisher
42:01 Hand Cart
41:32 Town Watch
42:43 Man-at-Arms
44:16 Crossbowman
46:14 Masonry
46:18 Fortified Wall
46:04 Murder Holes
46:37 Heavy Plow
47:07 Bow Saw
54:50 Ballistics
55:49 Town Patrol
61:11 Treadmill Crane
62:10 Guard Tower
66:29 Imperial Age
71:49 Halberdier
Connection lost

Rejoining the realm…

Still unreachable

The connection could not be restored.

Session expired

The server has moved on; the page needs a fresh start.